Unix NetHack Version 5.0.0-0 post-release - last build May 31 2026 23:59:36 (970b52f25bf058293b47ddfd14a1e40e571c508c,branch:main).

Game began 2026-06-09 14:02:33, ended 2026-06-09 14:44:19.

GdeVolpiano, neutral female human Tourist

      -------            --------------------------------
      |...>.|  #         ...............................|
      |.....-###         |.-----|----------.{..-----+-- |
      -.-.-.- ####       |.|.%%|..| .. |[ ----.|(((|
         ################|.-.%%|.{| .  |%    |.|(((|
          #       ##    #|.|-------|----..   +.|..
          #            ##..|....-......--|----.-|------
          #            ##|.|G%%%|.- --.............-..|
          #              |.|@|..|.|  -+--..{..--+-.| .|
          #              |.|....|.|     |.....|  |.- --
          )              |.|-----.|     |.....|  |..
          #              |.|...|..|     -|-...----+--
   -.-----.--            |.|...-..+     . |......|
   |.........            |.|...|..|       |......|
   |........|            |.-----..---------......------ |
   |........|            |..............................|
   |...<....|            --------------------------------
   |........|
   ----------

GdeVolpiano the Excursionist  St:17 Dx:11 Co:16 In:13 Wi:10 Ch:14  Neutral
Dlvl:8  $:438 HP:0(48) Pw:23(23) AC:10 Xp:7 T:3162  Stun

Latest messages:
 You miss the gnomish wizard.
 You hit the gnomish wizard.
 The kobold lord hits!
 The gnomish wizard points all around, then curses.
 You miss the gnomish wizard.
 You miss the gnomish wizard.
 The gnomish wizard points at you, then curses.
 You hit the gnomish wizard.
 You miss the gnomish wizard.
 The kobold lord hits!
 The gnomish wizard points all around, then curses.
 You miss the kobold lord.
 You miss the kobold lord.
 The gnomish wizard casts a spell!
 The gnomish wizard looks better.
 You miss the kobold lord.
 You hit the kobold lord!
 The kobold lord hits!
 The gnomish wizard points at you, then curses.
 You miss the kobold lord.
 You kill the kobold lord!
 The gnomish wizard points at you, then curses.
 You miss the gnomish wizard.
 You miss the gnomish wizard.
 The gnomish wizard points at you, then curses.
 The gnomish wizard points at you, then curses.
 You miss the gnomish wizard.
 You miss the gnomish wizard.
 The gnomish wizard points at you, then curses.
 You miss the gnomish wizard.
 You miss the gnomish wizard.
 The gnomish wizard points at you, then curses.
 The gnomish wizard points at you, then curses.
 You miss the gnomish wizard.
 You miss the gnomish wizard.
 The air crackles around the gnomish wizard.
 You miss the gnomish wizard.
 You miss the gnomish wizard.
 The gnomish wizard casts a spell at you!
 You reel...
 The gnomish wizard points at you, then curses.
 You miss the priest of Offler.
 The priest of Offler gets angry!
 Offler roars:  "Thou dost profane my shrine!"
 The gnomish wizard is killed by the bolt of lightning!
 The bolt of lightning hits you!
 You die...
 Do you want your possessions identified? [ynq] (y)
 Do you want to see your attributes? [ynq] (y)
 Do you want an account of creatures vanquished? [ynaq] (y)

Inventory:
 Coins    ('$')
  $ - 438 gold pieces
 Weapons  (')')
  a - 27 blessed +2 darts (at the ready)
  z - a blessed +1 silver saber (wielded in right hand)
  y - a +0 trident (wielded in left hand)
 Comestibles  ('%')
  f - an uncursed carrot
  b - 7 uncursed food rations
 Tools    ('(')
  l - an uncursed credit card

GdeVolpiano the Tourist's attributes:

Background:
 You were an Excursionist, a level 7 female human Tourist.
 You were neutral, on a mission for The Lady
 who was opposed by Blind Io (lawful) and Offler (chaotic).
 You were right-handed.
 You were in the Gnomish Mines, on level 8.
 You entered the dungeon 3162 turns ago.
 You had 989 experience points, 291 more were needed to attain level 8.

Basics:
 You had 0 out of 48 hit points.
 You had all 23 energy points (spell power).
 Your armor class was 10.
 Your wallet contained 438 zorkmids.
 Autopickup was on for '$?!/="+' plus thrown, with exceptions.

Final Characteristics:
 Your strength was 17 (limit:18/100).
 Your dexterity was 11 (limit:18).
 Your constitution was 16 (limit:18).
 Your intelligence was 13 (limit:18).
 Your wisdom was 10 (limit:18).
 Your charisma was 14 (limit:18).

Final Status:
 You were stunned.
 You weren't hungry.
 You were unencumbered.
 You were wielding two weapons at once.
 Your skill in saber was limited by being unskilled with two weapons.
 Your skill in trident was also limited by being unskilled with two weapons.
 You could have enhanced skill with two weapons.
 You weren't wearing any armor.

Final Attributes:
 You were piously aligned.
 You were telepathic.
 You are dead.

Miscellaneous:
 You didn't encounter any bones levels.
 Total elapsed playing time was 41 minutes and 44 seconds.

Major events:
 Turn
    1: GdeVolpiano the neutral female human Tourist entered the dungeon
  733: attained the rank of Sightseer (level 3)
 1315: attained the rank of Excursionist (level 6)
 1544: entered the Gnomish Mines
 3038: reached Mine Town
 3162: killed by a bolt of lightning

You didn't know any spells.

Skills:
 Fighting Skills
   bare handed combat [Unskilled]
   two weapon combat  [Unskilled]
   riding             [Unskilled]
 Weapon Skills
   dagger             [Unskilled]
   knife              [Unskilled]
   axe                [Unskilled]
   pick-axe           [Unskilled]
   short sword        [Unskilled]
   broadsword         [Unskilled]
   long sword         [Unskilled]
   two-handed sword   [Unskilled]
   saber              [Skilled]
   mace               [Unskilled]
   morning star       [Unskilled]
   flail              [Unskilled]
   hammer             [Unskilled]
   quarterstaff       [Unskilled]
   polearms           [Unskilled]
   spear              [Unskilled]
   trident            [Basic]
   lance              [Unskilled]
   bow                [Unskilled]
   sling              [Unskilled]
   crossbow           [Unskilled]
   dart               [Basic]
   shuriken           [Unskilled]
   boomerang          [Unskilled]
   whip               [Unskilled]
   unicorn horn       [Unskilled]
 Spellcasting Skills
   divination spells  [Unskilled]
   enchantment spells [Unskilled]
   escape spells      [Unskilled]

Voluntary challenges:
 Character rerolling was not enabled.
 You never genocided any monsters.
 You never polymorphed an object.
 You never changed form.
 You used no wishes.
Achievements:
 You attained the rank of Sightseer.
 You entered a shop.
 You attained the rank of Excursionist.
 You entered the Gnomish Mines.
 You entered Minetown.
 You entered a temple.

 The Dungeons of Doom: levels 1 to 5
    Level 1:
    Level 2:
       A fountain, a sink.
    Level 3:
       A weapon shop.
    Level 4:
       Stairs down to The Gnomish Mines.
    Level 5:
 The Gnomish Mines: levels 5 to 9
    Level 5:
    Level 6:
    Level 7:
    Level 8: <- You were here.
       A food shop, a temple and an altar, some fountains, a sink.
       Final resting place for
          you, killed by a bolt of lightning.
    Level 9:


Vanquished creatures:
  a small mimic
  a rock piercer
  2 rock moles
 11 fog clouds
  a yellow light
  8 gnome leaders
  2 gnomish wizards
  2 floating eyes
  a kitten
  7 dwarves
  a kobold leader
  a giant bat
  a dwarf zombie
  2 wererats
  2 iguanas
 an acid blob
  a hobbit
  a hobgoblin
  a giant rat
  2 yellow molds
 33 gnomes
  5 garter snakes
  a gnome zombie
  2 geckos
  4 jackals
  2 kobolds
  a goblin
  4 grid bugs
  a bat
  3 lichens
  a kobold zombie
  6 newts
112 creatures vanquished.

No species were genocided or became extinct.

Game over:
                       ----------
                      /          \
                     /    REST    \
                    /      IN      \
                   /     PEACE      \
                  /                  \
                  |   GdeVolpiano    |
                  |      438 Au      |
                  | killed by a bolt |
                  |   of lightning   |
                  |                  |
                  |                  |
                  |       2026       |
                 *|     *  *  *      | *
        _________)/\\_//(\/(/\)/\//\/|_)_______

Aloha GdeVolpiano the Tourist...

You died in The Gnomish Mines on dungeon level 8 with 4394 points,
and 438 pieces of gold, after 3162 moves.
You were level 7 with a maximum of 48 hit points when you died.

